 Dungeon Crawl Stone Soup version 0.28.0 (webtiles) character file.

Game seed: 8033297154625980876

1 lawman0 the Grasshopper (level 1, -1/12 HPs)
             Began as a Kobold Warper on Feb 7, 2022.
             Slain by a jackal (3 damage)
             ... on level 1 of the Dungeon.
             The game lasted 00:00:34 (77 turns).

lawman0 the Grasshopper (Kobold Warper)               Turns: 77, Time: 00:00:34

Health: -1/12      AC:  3    Str:  8    XL:     1   Next: 22%
Magic:  3/3        EV: 14    Int: 14    God:
Gold:   0          SH:  0    Dex: 14    Spells: 4/4 levels left

rFire   . . .      SeeInvis .   a - +0 short sword
rCold   . . .      Faith    .   (no shield)
rNeg    . . .      Spirit   .   b - +0 leather armour
rPois   .          Reflect  .   (no helmet)
rElec   .          Harm     .   (no cloak)
rCorr   .          Rampage  .   (no gloves)
Will    .....                   (no boots)
Stlth   ++........              (no amulet)
HPRegen 0.04/turn               (no ring)
MPRegen 0.08/turn               (no ring)

@: no status effects
A: small, no large weapons, nightstalker 3
a: no special abilities


You were on level 1 of the Dungeon.
You visited 1 branch of the dungeon, and saw 1 of its levels.

Inventory:

Hand Weapons
 a - a +0 short sword (weapon)
Armour
 b - a +0 leather armour (worn)


   Skills:
 + Level 2.1 Fighting
 + Level 2.9 Short Blades
 + Level 1.1 Throwing
 + Level 0.7 Armour
 + Level 2.4 Dodging
 + Level 2.1 Spellcasting
 + Level 3.0 Translocations


You had 4 spell levels left.
You didn't know any spells.
Your spell library contained the following spells:

 Spells                   Type           Power      Damage    Failure   Level
 Blink                    Tloc           18%        N/A       14%         2
 Gell's Gravitas          Tloc           9%         N/A       28%         3
 Lesser Beckoning         Tloc           9%         N/A       28%         3
 Teleport Other           Tloc           9%         N/A       28%         3
 Manifold Assault         Tloc           9%         N/A       95%         5


Dungeon Overview and Level Annotations

Branches:
Dungeon (1/15)

Altars:


Innate Abilities, Weirdness & Mutations

You are small and have problems with some larger weapons.
You are completely attuned to the shadows.


Message History

Press: ? - help, Q - select action Shift-Dir - straight line, f - jackal
Aim: a jackal (51% to hit)
You throw a boomerang of dispersal.
The boomerang of dispersal closely misses the jackal.
The jackal closely misses you.
Throw: 4 boomerangs (disperse)
Press: ? - help, Q - select action Shift-Dir - straight line, f/p - jackal
Aim: a jackal (51% to hit)
You throw a boomerang of dispersal.
The boomerang of dispersal hits the jackal.
The jackal blinks!
The jackal is heavily wounded.
The jackal barely misses you.
Throw: 3 boomerangs (disperse)
Press: ? - help, Q - select action Shift-Dir - straight line, f/p - jackal
Aim: a jackal (heavily wounded, 51% to hit)
You throw a boomerang of dispersal.
The boomerang of dispersal closely misses the jackal.
The boomerang of dispersal closely misses the jackal.
The jackal bites you. The jackal closely misses you.
Throw: 2 boomerangs (disperse)
Press: ? - help, Q - select action Shift-Dir - straight line, f/p - jackal
Aim: a jackal (heavily wounded, 51% to hit)
You throw a boomerang of dispersal.
The boomerang of dispersal closely misses the jackal.
The boomerang of dispersal closely misses the jackal.
The jackal closely misses you.
Throw: boomerang (disperse)
Press: ? - help, Q - select action Shift-Dir - straight line, f/p - jackal
Aim: a jackal (heavily wounded, 51% to hit)
You throw a boomerang of dispersal.
The boomerang of dispersal hits the jackal.
The jackal blinks!
The jackal is severely wounded.
The jackal bites you.
* * * LOW HITPOINT WARNING * * *
The jackal bites you but does no damage.
The jackal barely misses you. x2
The jackal bites you.
You die...

.
.#.#..#
......#
.###h.#
.. #..#
...#r###
#.....#
#.###r#
.#...#h#
....@#h#
####hh.#
#####


You could see 2 jackals.

Vanquished Creatures
  A jackal (D:1)
1 creature vanquished.

Notes
Turn   | Place    | Note
-------+----------+-------------------------------------------
     0 | D:1      | lawman0 the Kobold Warper began the quest for the Orb.
     0 | D:1      | Reached XP level 1. HP: 12/12 MP: 3/3
    77 | D:1      | Slain by a jackal

Illustrated notes

Levels and vault maps discovered:
D:1:      roderic_crossed_star, layout_rooms, chequers_ecumenical_altar_simple,
          minmay_misc_feat_nine_boxes, grunt_decor_clamped,
          minmay_misc_feat_square, minmay_misc_feat_rugged,
          hangedman_decor_points

Action                   || total
-------------------------++-------
Melee: Short sword       ||    20
Throw: Boomerang         ||     5
  Use: Scroll            ||     1
       Potion            ||     1
Armor: Leather armour    ||     6
Dodge: Dodged            ||    34
